 Dungeon Crawl Stone Soup version 0.27.1-34-g3ba077fa99 (webtiles) character file.

Game seed: 2424822646262415703

2635 zeram the Basher (level 9, -5/104 HPs)
             Began as a Troll Fighter on Jan 20, 2022.
             Slain by an orc (19 damage)
             ... on level 9 of the Dungeon.
             The game lasted 00:08:08 (4065 turns).

zeram the Basher (Troll Fighter)                    Turns: 4065, Time: 00:08:09

Health: -5/104     AC: -4    Str: 26    XL:     9   Next: 35%
Magic:  8/8        EV:  8    Int:  7    God:
Gold:   299        SH:  8    Dex:  9    Spells: 8/8 levels left

rFire    . . .     SeeInvis .   h - +4 whip (drain)
rCold    + . .     Faith    .   c - +0 kite shield
rNeg     . . .     Spirit   .   x - +0 acid dragon scales
rPois    .         Reflect  .   (helmet restricted)
rElec    .         Harm     .   (no cloak)
rCorr    +         Rampage  .   (gloves unavailable)
Will     .....                  (boots unavailable)
Stlth    +.........             r - amulet of Vitality {Regen+ HP+15}
HPRegen  2.27/turn              g - ring of protection from cold
MPRegen  0.11/turn              o - +4 ring of protection

@: about to teleport, corroded
A: large, unfitting armour, claws 3, regeneration 1, shaggy fur 1, tough skin 1
a: no special abilities


You were on level 9 of the Dungeon.
You visited 1 branch of the dungeon, and saw 8 of its levels.

You collected 299 gold pieces.

Inventory:

Hand Weapons
 a - a +1 flail
 h - a +4 whip of draining (weapon)
Missiles
 m - 42 poisoned darts (quivered)
Armour
 b - a +0 robe
 c - a +0 kite shield (worn)
 x - +0 acid dragon scales (worn)
Jewellery
 g - a ring of protection from cold (left claw)
 o - a +4 ring of protection (right claw)
 q - an amulet of reflection
 r - the amulet of Vitality (around neck) {Regen+ HP+15}
   (You found it on level 4 of the Dungeon)

   [amulet of regeneration]

   HP:        It affects your health (+15).
   Regen:     It increases your rate of health regeneration.
 s - a ring of see invisible
Wands
 i - a wand of flame (18)
Scrolls
 l - a scroll of fog
 p - a scroll of amnesia {unknown}
 t - a scroll of noise {unknown}
 u - a scroll of identify
 w - a scroll of brand weapon {unknown}
Potions
 d - a potion of cancellation {unknown}
 e - a potion of brilliance
 f - a potion of curing
 j - 3 potions of flight {unknown}
 k - a potion of invisibility {unknown}
 v - a potion of mutation {unknown}
 z - a potion of heal wounds {unknown}


   Skills:
 + Level 5.7 Fighting
 + Level 8.2 Maces & Flails
 + Level 6.3 Dodging
 - Level 2.4 Shields
 + Level 0.2 Evocations


You had 8 spell levels left.
You didn't know any spells.
Your spell library contained the following spells:

 Spells                   Type           Power      Damage    Failure   Level
 Dazzling Flash           Conj/Hex       0%         N/A       100%        3
 Agony                    Necr           0%         N/A       100%        5
 Silence                  Hex/Air        0%         N/A       100%        5


Dungeon Overview and Level Annotations

Branches:
Dungeon (10/15)
 Temple: D:4-7         Lair: D:8-11         Orc: D:9-12

Altars:
Elyvilon
Hepliaklqana
Makhleb
Nemelex Xobeh
Vehumet

Shops:
D:1 *


Innate Abilities, Weirdness & Mutations

You are too large for most types of armour.
You have claws for hands.
Your natural rate of healing is unusually fast.
You are covered in fur. (AC +1)
You have tough skin. (AC +1)


Message History

You block the brown ugly thing's attack.
You hit the orc but do no damage.
The orc is moderately wounded.
The orc hits you with a +2 hand axe of electrocution.
The brown ugly thing trunk-slaps you! The acid corrodes you!
You are splashed with acid.
You resist.
You hit the orc but do no damage. You drain the orc.
The orc is heavily wounded.
The orc barely misses you. The brown ugly thing trunk-slaps you.
You are splashed with acid.
You resist.
You hit the orc but do no damage.
The orc is heavily wounded.
The orc hits you with a +2 hand axe of electrocution!
The brown ugly thing trunk-slaps you.
You are splashed with acid.
You resist.
You barely miss the orc.
The orc is heavily wounded.
The orc hits you with a +2 hand axe of electrocution.
You are electrocuted!!
The brown ugly thing trunk-slaps you.
You are splashed with acid.
You resist.
* * * LOW HITPOINT WARNING * * *
You closely miss the orc.
The orc is heavily wounded.
You block the orc's attack.
You block the brown ugly thing's attack.
You barely miss the orc.
The orc is heavily wounded.
The orc barely misses you. The brown ugly thing trunk-slaps you.
* * * LOW HITPOINT WARNING * * *
The acid corrodes you!
You are splashed with acid.
You resist.
* * * LOW HITPOINT WARNING * * *
As you read the scroll of teleportation, it crumbles to dust.
You feel strangely unstable. You block the orc's attack.
The brown ugly thing trunk-slaps you!
* * * LOW HITPOINT WARNING * * *
You are splashed with acid.
You resist.
* * * LOW HITPOINT WARNING * * *
The orc hits you with a +2 hand axe of electrocution.
* * * LOW HITPOINT WARNING * * *
You are electrocuted!!
You die...

........##..##.#####....
..........u.............
.......o###...)........
..........##.........#
..........##........#
....................###
^#..#..........u.......
##.##.....#..o.........
. #[.........@.........
# ##....###............
....................
#....................
...................
...................
....#..............
....#.......#..... #..
#......##.....


You could see a brown ugly thing (drained) and an orc (drained).

Vanquished Creatures
  A hornet (D:9)
  Sigmund (D:1)
  A wyvern (D:9)
  4 yaks (D:10)
  An acid dragon (D:9)
  A sky beast (D:6)
  An orc warrior (D:9)
  An ogre (D:5)
  A necrophage (D:4)
  A centaur (D:5)
  A phantom (D:6)
  3 kobold brigands (D:9)
  A bullfrog (D:9)
  A bullfrog zombie (D:5)
  A centaur zombie (D:9)
  2 hounds
  2 orc priests (D:9)
  A jelly (D:4)
  3 iguanas
  3 iron imps (D:3)
  4 orc wizards
  Terence (D:2)
  A killer bee zombie (D:9)
  A hound skeleton (D:5)
  7 adders
  A worm (D:4)
  A dart slug (D:4)
  19 orcs
  8 bats
  6 endoplasms
  4 giant cockroaches (D:1)
  5 goblins
  6 hobgoblins
  6 jackals
  20 kobolds
  4 quokkas
  5 ball pythons
  4 frilled lizards
  4 rats
138 creatures vanquished.

Vanquished Creatures (others)
  A quokka (D:4)
  9 fungi (D:5)
10 creatures vanquished.

Grand Total: 148 creatures vanquished

Notes
Turn   | Place    | Note
-------+----------+-------------------------------------------
     0 | D:1      | zeram the Troll Fighter began the quest for the Orb.
     0 | D:1      | Reached XP level 1. HP: 22/22 MP: 0/0
   211 | D:1      | Reached XP level 2. HP: 27/29 MP: 1/1
   248 | D:1      | Reached skill level 2 in Maces & Flails
   360 | D:1      | Found Utadotaj's General Store.
   824 | D:2      | Reached XP level 3. HP: 36/36 MP: 2/2
   835 | D:2      | Noticed Terence
   842 | D:2      | Killed Terence
  1023 | D:2      | Found a faded altar of an unknown god.
  1024 | D:2      | Noticed Sigmund
  1083 | D:1      | Killed Sigmund
  1084 | D:1      | Reached skill level 3 in Maces & Flails
  1084 | D:1      | Reached XP level 4. HP: 34/45 MP: 3/3
  1084 | D:1      | Reached XP level 5. HP: 41/53 MP: 4/4
  1393 | D:3      | Found a white marble altar of Elyvilon.
  1441 | D:3      | Found a radiant altar of Vehumet.
  1461 | D:3      | Reached skill level 4 in Maces & Flails
  1841 | D:3      | Found a sparkling altar of Nemelex Xobeh.
  1936 | D:3      | Found a burning altar of Makhleb.
  1957 | D:3      | Reached XP level 6. HP: 47/61 MP: 5/5
  2259 | D:3      | Found a hazy altar of Hepliaklqana.
  2405 | D:4      | Reached skill level 5 in Maces & Flails
  2426 | D:4      | Reached XP level 7. HP: 62/68 MP: 6/6
  2821 | D:4      | Found the amulet of Vitality {Regen+ HP+15}
  2954 | D:5      | Entered Level 5 of the Dungeon
  3163 | D:5      | Reached skill level 6 in Maces & Flails
  3452 | D:6      | Reached XP level 8. HP: 79/79 MP: 7/7
  3464 | D:6      | You fall into a shaft and drop 3 floors!
  3484 | D:10     | Entered Level 10 of the Dungeon
  3514 | D:10     | Reached skill level 5 in Dodging
  3517 | D:10     | Reached skill level 7 in Maces & Flails
  3560 | D:10     | Reached skill level 5 in Fighting
  3722 | D:9      | Reached XP level 9. HP: 84/88 MP: 8/8
  3840 | D:9      | Reached skill level 8 in Maces & Flails
  3855 | D:9      | Noticed a brown ugly thing
  3969 | D:9      | Paralysed by a hornet for 3 turns
  4065 | D:9      | Slain by an orc

Illustrated notes

Levels and vault maps discovered:
D:1:      saegor_arrival_under_anarchy, layout_basic, serial_shops, shop,
          chequers_garden
D:2:      layout_rooms, dreamdust_ecumenical_altar_statues,
          minmay_split_cup_small, uniq_sigmund, uniq_terence
D:3:      layout_basic, demons_altar, worldfamousw_hep_ancestral_shrine,
          nemelex_diamond_rough_becter, mainiacjoe_overflow_catch_the_wave
D:4:      layout_basic, chequers_serial_rivers_small_a
D:5:      layout_rooms, serial_aquarium, aquarium_bridge_straight
          [aquarium_subvault_bridge, aquarium_subvault_window,
          aquarium_subvault_bridge, aquarium_subvault_wall],
          aquarium_bridge_square [aquarium_subvault_bridge,
          aquarium_subvault_bridge, aquarium_subvault_bridge,
          aquarium_subvault_bridge], aquarium_window_fake, aquarium_window_3,
          aquarium_window_1, aquarium_window_2, aquarium_view_2c,
          aquarium_view_2c, skrybe_limestone_x
D:6:      layout_gridville
D:9:      layout_cave_pools, erik_orc_1
D:10:     layout_roguey, nicolae_overflow_hidden_temple, erik_lair_island,
          david_greed

Skill      XL: |  1  2  3  4  5  6  7  8  9 |
---------------+----------------------------+-----
Maces & Flails | 2 3 4 5 6 7 8 |  8.2
Fighting       | 3 4 5 |  5.7
Dodging        | 3 4 5 6 |  6.3
Shields        | |  2.4
Evocations     | |  0.2

Action                   |  1- 3 |  4- 6 |  7- 9 || total
-------------------------+-------+-------+-------++-------
Melee: Flail             |    82 |    21 |       ||   103
       Whip              |       |   100 |   308 ||   408
Evoke: Wand              |       |       |     6 ||     6
  Use: Potion            |     1 |       |     3 ||     4
       Scroll            |       |     4 |     2 ||     6
 Stab: Sleeping          |       |     1 |     1 ||     2
Armor: Robe              |    26 |    34 |    86 ||   146
       Acid dragon scale |       |       |   120 ||   120
Dodge: Dodged            |    34 |    37 |   130 ||   201
Block: Kite shield       |    38 |    39 |   167 ||   244
